 Dungeon Crawl Stone Soup version 0.23.2-33-g5129a83184 (console) character file.

Game seed: 823571510304092268

12238 FlyingSalmon the Impaler (level 11, -1/90 HPs)
             Began as a Merfolk Gladiator on July 27, 2019.
             Was a Believer of the Shining One.
             Slain by a five-headed hydra (10 damage)
             ... on level 9 of the Dungeon.
             The game lasted 01:16:15 (16391 turns).

FlyingSalmon the Impaler (Merfolk Gladiator)       Turns: 16391, Time: 01:16:17

Health: -1/90      AC: 16    Str: 18    XL:     11   Next: 90%
Magic:  12/14      EV:  8    Int:  7    God:    the Shining One [**....]
Gold:   55         SH:  8    Dex: 16    Spells: 10/10 levels left

rFire    + . .     SeeInvis .   a - +1 trident
rCold    . . .     Gourm    .   (no shield)
rNeg     + . .     Faith    .   e - +0 plate armour
rPois    .         Spirit   .   i - +2 helmet
rElec    .         Reflect  .   (no cloak)
rCorr    .         Harm     .   (no gloves)
MR       +....                  (no boots)
Stlth    ..........             (no amulet)
HPRegen  0.25/turn              I - ring of protection from magic
MPRegen  0.14/turn              G - ring of protection from fire

@: divine shield, glowing
A: change form in water, swift swim, stealthy swim
a: Divine Shield, Renounce Religion


You were on level 9 of the Dungeon.
You worshipped the Shining One.
The Shining One was pleased with you.
You were not hungry.

You visited 3 branches of the dungeon, and saw 12 of its levels.

You collected 489 gold pieces.
You spent 434 gold pieces at shops.

Inventory:

Hand Weapons
 a - a +1 trident (weapon)
 M - a +6 glaive of protection
Missiles
 k - 138 stones (quivered)
 l - 8 tomahawks
 N - 40 bolts
Armour
 e - a +0 plate armour (worn)
 i - a +2 helmet (worn)
 o - a +0 ring mail
 K - a +0 leather armour
Jewellery
 d - an uncursed ring of stealth
 q - a +4 ring of protection
 x - a +4 ring of intelligence
 F - an uncursed ring of protection from magic
 G - a ring of protection from fire (right hand)
 I - a ring of protection from magic (left hand)
Wands
 H - a wand of polymorph (8)
 L - a wand of disintegration (8)
Scrolls
 c - 6 scrolls of teleportation
 h - 3 scrolls of enchant weapon
 s - 6 scrolls of remove curse
 t - a scroll of fog {unknown}
 u - 4 scrolls of amnesia
 v - a scroll of random uselessness {unknown}
 y - a scroll of enchant armour {unknown}
 C - a scroll of magic mapping {unknown}
 J - a scroll of blinking
Potions
 g - a potion of magic
 j - 2 potions of haste
 m - 2 potions of invisibility
 n - 2 potions of degeneration
 p - a potion of curing
 r - a potion of heal wounds
 w - 2 potions of mutation
 z - a potion of flight
 A - 4 potions of brilliance
 B - 2 potions of ambrosia {unknown}
 D - a potion of cancellation {unknown}
 E - a potion of might {unknown}
Comestibles
 b - 5 chunks of flesh
 f - 10 rations


   Skills:
 - Level 10.0 Fighting
 + Level 16.6 Polearms
 - Level 2.0 Throwing
 + Level 7.3 Armour
 + Level 5.2 Dodging
 - Level 5.0 Invocations


You had 10 spell levels left.
You didn't know any spells.
Your spell library contained the following spells:

 Spells                   Type           Power        Failure   Level  Hunger
 Animate Skeleton         Necr           N/A          100%        1    ##.....
 Apportation              Tloc           #.....       100%        1    ##.....
 Confusing Touch          Hex            #.....       100%        1    ##.....
 Flame Tongue             Conj/Fire      #....        100%        1    ##.....
 Shock                    Conj/Air       #...         100%        1    ##.....
 Summon Small Mammal      Summ           #...         100%        1    ##.....
 Swiftness                Chrm/Air       #.......     100%        2    ###....
 Static Discharge         Conj/Air       #.......     100%        3    ####...
 Airstrike                Air            #.........   100%        4    #####..
 Cause Fear               Hex            #.........   100%        4    #####..
 Lightning Bolt           Conj/Air       #.........   100%        5    ######.
 Bolt of Fire             Conj/Fire      #.........   100%        6    #######
 Dragon Form              Tmut           #.........   100%        7    #######
 Dragon's Call            Summ           #.........   100%        9    #######


Dungeon Overview and Level Annotations

Branches:
Dungeon (10/15)            Temple (1/1) D:7            Lair (1/6) D:9
    Orc: D:9-12

Altars:
Ashenzari
Cheibriados
Dithmenos
Elyvilon
Fedhas
Gozag
Hepliaklqana
Kikubaaqudgha
Makhleb
Nemelex Xobeh
Okawaru
Qazlal
Ru
Sif Muna
Trog
Uskayaw
Vehumet
Wu Jian
Xom
Yredelemnul
Zin
The Shining One

Shops:
D:5 %   D:7 ?   D:8 *?:**

Annotations:
D:6 Prince Ribbit


Message History

The five-headed hydra bites you.
* * * LOW HITPOINT WARNING * * *
You hit the five-headed hydra.
The five-headed hydra is severely wounded.
You puncture the five-headed hydra!
The five-headed hydra is almost dead.
The five-headed hydra barely misses you.
The five-headed hydra bites you but does no damage.
You block the five-headed hydra's attack.
The five-headed hydra bites you.
* * * LOW HITPOINT WARNING * * *
The five-headed hydra bites you!
* * * LOW HITPOINT WARNING * * *
You hit the five-headed hydra but do no damage.
The five-headed hydra is almost dead.
You block the five-headed hydra's attack.
The five-headed hydra bites you.
* * * LOW HITPOINT WARNING * * *
The five-headed hydra bites you!
You die... ###### #....### #....#.. ####### #....#.. ##PPPPP## #....+.. #PPPPPP.#

#....#..
#PD..PPP#####....#..
#P.@.PPP.##.##'####'
#P...PP..#.[>[....[.
#PP.P........[......
#PPPP...............
#PPPP....#####'####'
#PPP....#...........
#PP.....#...........
##P....##...........
######...###...........
#....#..##.#####.....##


You could see a five-headed hydra.

Vanquished Creatures
  A hydra (D:9)
  A two-headed ogre (D:8)
  An unseen horror (D:9)
  A cyclops (D:9)
  A gargoyle (D:8)
  A spiny frog (D:9)
  2 komodo dragons
  2 trolls
  3 hippogriffs
  A wraith (D:9)
  A spriggan (D:8)
  Eustachio (D:5)
  A wyvern (D:9)
  A basilisk (D:9)
  6 yaks
  2 hungry ghosts (D:9)
  Menkaure (D:6)
  Duvessa (D:5)
  A porcupine (D:9)
  A phantom (D:7)
  4 orc warriors
  5 sky beasts
  The ghost of PeSeC the Skirmisher, an amateur MiFi (D:4)
  4 ogres
  3 ice beasts
  8 centaurs
  2 wolves (Lair:1)
  4 crocodiles
  2 bullfrogs
  Dowan (D:5)
  2 scorpions
  8 killer bees
  A water moccasin skeleton (D:9)
  12 wights
  A howler monkey (D:5)
  6 crimson imps
  A quasit (D:5)
  3 jellies
  4 orc priests
  2 bullfrog zombies
  5 centaur skeletons
  5 hounds
  6 orc wizards
  2 bullfrog skeletons (D:4)
  4 iguanas
  10 worker ants
  A killer bee zombie (D:9)
  2 hound zombies
  2 hound skeletons
  Robin (D:4)
  9 gnolls
  22 adders
  3 shadow imps
  An adder zombie (D:8)
  3 adder skeletons
  5 worms
  3 dart slugs
  7 leopard geckos
  26 orcs
  6 giant cockroaches
  18 goblins
  7 hobgoblins
  17 jackals
  7 kobolds
  8 quokkas
  A ball python (D:4)
  9 bats
  5 frilled lizards
  2 leopard gecko skeletons
  A quokka skeleton (D:4)
  6 rats
308 creatures vanquished.

Vanquished Creatures (others)
  3 plants
3 creatures vanquished.

Grand Total: 311 creatures vanquished

Notes
Turn   | Place    | Note
-------+----------+-------------------------------------------
     0 | D:1      | FlyingSalmon the Merfolk Gladiator began the quest for the
                  | Orb.
     0 | D:1      | Reached XP level 1. HP: 16/16 MP: 1/1
   273 | D:1      | Reached XP level 2. HP: 23/23 MP: 2/2
   439 | D:1      | Reached skill level 5 in Polearms
   749 | D:1      | Reached XP level 3. HP: 19/28 MP: 3/3
  1303 | D:2      | Reached skill level 6 in Polearms
  1303 | D:2      | Reached XP level 4. HP: 15/34 MP: 4/4
  2097 | D:1      | Reached XP level 5. HP: 39/40 MP: 5/5
  2195 | D:2      | Reached skill level 1 in Armour
  2398 | D:3      | Reached skill level 7 in Polearms
  2912 | D:3      | Reached XP level 6. HP: 41/47 MP: 6/6
  3173 | D:3      | Found an iron altar of Okawaru.
  3470 | D:4      | Reached skill level 8 in Polearms
  3955 | D:4      | Found a hazy altar of Hepliaklqana.
  3964 | D:5      | Entered Level 5 of the Dungeon
  4041 | D:5      | Noticed Duvessa
  4041 | D:5      | Noticed Dowan
  4056 | D:4      | Reached skill level 9 in Polearms
  4217 | D:5      | Killed Duvessa
  4217 | D:5      | Reached XP level 7. HP: 41/52 MP: 7/7
  4252 | D:5      | Killed Dowan
  4252 | D:5      | Reached skill level 10 in Polearms
  4908 | D:5      | Reached XP level 8. HP: 41/60 MP: 8/8
  5071 | D:5      | Reached skill level 11 in Polearms
  5184 | D:5      | Noticed Eustachio
  5420 | D:6      | Reached skill level 5 in Fighting
  5519 | D:6      | Found an opulent altar of Gozag.
  5545 | D:6      | Found a sparkling altar of Nemelex Xobeh.
  6179 | D:6      | Reached skill level 12 in Polearms
  6187 | D:6      | Found a radiant altar of Vehumet.
  6391 | D:6      | Noticed Prince Ribbit
  6605 | D:5      | Reached XP level 9. HP: 61/69 MP: 9/9
  6705 | D:4      | Noticed Robin
  6719 | D:4      | Killed Robin
  6742 | D:4      | Reached skill level 13 in Polearms
  6920 | D:4      | Found a runed translucent gate.
  6920 | D:4      | Found a runed translucent gate.
  6920 | D:4      | Found a runed translucent gate.
  7241 | D:4      | Noticed PeSeC's ghost (amateur MiFi)
  7271 | D:4      | Found a white marble altar of Elyvilon.
  7285 | D:4      | Became a worshipper of Elyvilon the Healer
  7439 | D:5      | Found Nyclah's Food Emporium.
  7664 | D:5      | Killed Eustachio
  7804 | D:6      | Noticed Menkaure
  7818 | D:6      | Killed Menkaure
  8423 | D:7      | Reached skill level 14 in Polearms
  8588 | D:7      | Found a shadowy altar of Dithmenos.
  8588 | D:7      | Found a snail-covered altar of Cheibriados.
  9029 | D:7      | Found a staircase to the Ecumenical Temple.
  9052 | D:7      | Reached * piety under Elyvilon
  9075 | D:7      | Found Oriy's Magic Scroll Shoppe.
  9088 | D:7      | Bought a scroll of enchant weapon for 82 gold pieces
  9088 | D:7      | Bought a scroll of remove curse for 33 gold pieces
  9088 | D:7      | Bought a scroll of blinking for 82 gold pieces
  9088 | D:7      | Bought a scroll of blinking for 82 gold pieces
  9088 | D:7      | Bought 2 scrolls of teleportation for 66 gold pieces
  9361 | Temple   | Entered the Ecumenical Temple
  9537 | D:7      | Reached XP level 10. HP: 55/82 MP: 10/10
  9733 | D:8      | Noticed a two-headed ogre
  9740 | D:7      | Reached skill level 5 in Dodging
  9876 | D:8      | Reached skill level 1 in Invocations
  9926 | D:8      | Found Fonu's General Store.
  9933 | D:8      | Found a glowing golden altar of the Shining One.
  9935 | D:8      | Bought a scroll of teleportation for 39 gold pieces
  9941 | D:8      | Fell from the grace of Elyvilon
  9941 | D:8      | Became a worshipper of the Shining One
 10159 | D:8      | Killed a two-headed ogre
 10481 | D:8      | Found Fepsess's Assorted Antiques.
 10493 | D:8      | Found Xuplulot's General Store.
 10494 | D:8      | Found Ezummiq's Book Shop.
 10497 | D:8      | Noticed a gargoyle
 10514 | D:8      | Killed a gargoyle
 10745 | D:8      | Found Akluamuwk's Magic Scroll Boutique.
 10784 | D:8      | Found a deep blue altar of Sif Muna.
 10927 | D:8      | Found an ancient bone altar of Kikubaaqudgha.
 10927 | D:8      | Found an ornate altar of the Wu Jian Council.
 11518 | D:8      | Reached skill level 5 in Invocations
 11584 | D:9      | Reached * piety under the Shining One
 11777 | D:9      | Reached skill level 5 in Armour
 12940 | D:9      | Reached skill level 10 in Fighting
 12951 | D:9      | Got a pair of polished boots
 12964 | D:9      | Identified the -3 pair of boots of Qemueqell {-Tele rPois
                  | Int+2 Dex+4} (You found it on level 9 of the Dungeon)
 12984 | D:9      | Found a runed translucent door.
 13007 | D:9      | Reached XP level 11. HP: 84/90 MP: 14/14
 13015 | D:9      | Reached skill level 15 in Polearms
 13057 | D:9      | Noticed a four-headed hydra
 13453 | D:10     | Entered Level 10 of the Dungeon
 13453 | D:10     | Noticed a two-headed ogre
 13572 | D:9      | Reached ** piety under the Shining One
 14304 | D:9      | Noticed a cyclops
 14345 | D:9      | Killed a cyclops
 14363 | D:9      | Noticed an unseen horror
 14376 | D:9      | Killed an unseen horror
 14381 | D:9      | Reached skill level 16 in Polearms
 14477 | D:9      | Found a staircase to the Lair.
 14545 | D:9      | Killed a four-headed hydra
 15475 | D:4      | Killed PeSeC's ghost
 15605 | Lair:1   | Entered Level 1 of the Lair of Beasts
 15778 | D:9      | HP: 1/90 [spiny frog (15)]
 16192 | D:8      | Bought a potion of heal wounds for 50 gold pieces
 16353 | Lair:1   | Noticed a five-headed hydra
 16391 | D:9      | Slain by a five-headed hydra

Skill      XL: |  1  2  3  4  5  6  7  8  9 10 11 |
---------------+----------------------------------+-----
Polearms       | 5 6 7 9 10 12 14 16 | 16.6
Armour         | 1 2 3 5 7 |  7.3
Fighting       | 3 4 6 8 10 | 10.0
Dodging        | 5 |  5.2
Invocations    | 5 |  5.0
Throwing       | |  2.0

Action                   |  1- 3 |  4- 6 |  7- 9 | 10-12 || total
-------------------------+-------+-------+-------+-------++-------
Melee: Trident           |   114 |   288 |   587 |   217 ||  1206
       Halberd           |       |       |       |   222 ||   222
       Glaive            |       |       |       |    67 ||    67
Throw: Stone             |     9 |    46 |   121 |    64 ||   240
       Throwing net      |       |     4 |     3 |       ||     7
Invok: Divine Shield     |       |       |       |     2 ||     2
  Use: Scroll            |       |     8 |     7 |     5 ||    20
       Potion            |       |     2 |     4 |     6 ||    12
 Stab: Sleeping          |     1 |       |       |       ||     1
       Held in net/web   |       |     3 |       |       ||     3
       Distracted        |       |       |     1 |       ||     1
  Eat: Chunk             |     1 |    10 |    13 |    14 ||    38
       Ration            |       |       |     1 |     3 ||     4
Armor: Leather armour    |    20 |       |       |       ||    20
       Ring mail         |    17 |    11 |       |       ||    28
       Plate armour      |       |   127 |   237 |   269 ||   633
Dodge: Dodged            |    84 |    78 |   112 |   189 ||   463
Block: Other             |       |       |       |    13 ||    13
